 Dungeon Crawl Stone Soup version 0.26-a0-682-g294304f6e8 (webtiles) character file.

Game seed: 1082813040548707532

23 dickylongcocking the Poker (level 3, -1/29 HPs)
             Began as a Merfolk Fighter on Oct 21, 2020.
             Slain by a gnoll
             ... wielding a +0 halberd
              (11 damage)
             ... on level 1 of the Dungeon.
             The game lasted 00:00:34 (751 turns).

dickylongcocking the Poker (Merfolk Fighter)         Turns: 751, Time: 00:00:35

Health: -1/29      AC:  6    Str: 17    XL:     3   Next: 0%
Magic:  3/3        EV:  9    Int:  7    God:
Gold:   69         SH:  0    Dex: 13    Spells: 2/2 levels left

rFire    . . .     SeeInvis .   a - +0 trident
rCold    . . .     Faith    .   (no shield)
rNeg     . . .     Spirit   .   b - +0 scale mail
rPois    .         Reflect  .   (no helmet)
rElec    .         Harm     .   (no cloak)
rCorr    .         Rampage  .   (no gloves)
MR       .....                  (no boots)
Stlth    ..........             (no amulet)
HPRegen  0.09/turn              k - ring of flight
MPRegen  0.08/turn              (no ring)

@: no status effects
A: change form in water, swift swim, stealthy swim
a: Evoke Flight


You were on level 1 of the Dungeon.
You visited 1 branch of the dungeon, and saw 1 of its levels.

You collected 69 gold pieces.

Inventory:

Hand Weapons
 a - a +0 trident (weapon)
Armour
 b - a +0 scale mail (worn)
 c - a +0 kite shield
Jewellery
 k - a ring of flight (left hand)
Scrolls
 e - a scroll of teleportation {unknown}
 g - 2 scrolls of enchant weapon {unknown}
 i - a scroll of identify {unknown}
 l - a scroll of remove curse {unknown}
Potions
 d - a potion of might
 f - a potion of haste {unknown}
 h - 2 potions of curing {unknown}
 j - a potion of brilliance {unknown}


   Skills:
 - Level 3.2 Fighting
 * Level 5.0 Polearms
 - Level 2.1 Armour
 - Level 3.0 Shields


You had 2 spell levels left.
You didn't know any spells.
Your spell library was empty.

Dungeon Overview and Level Annotations

Branches:
Dungeon (1/15)

Altars:


Message History

The gnoll is severely wounded.
The gnoll barely misses you.
A gnoll is nearby!
You reach to attack!
You completely miss the gnoll.
The gnoll is severely wounded.
The gnoll hits you but does no damage.
A gnoll is nearby!
You reach to attack!
You barely miss the gnoll.
The gnoll is severely wounded.
The gnoll hits you from afar with a +0 halberd!
A gnoll is nearby!
You reach to attack!
You hit the gnoll.
The gnoll is severely wounded.
The gnoll barely misses you.
You reach to attack!
You barely miss the gnoll.
The gnoll is severely wounded.
The gnoll hits you from afar with a +0 halberd!
You are too injured to fight recklessly!
The gnoll hits you with a +0 halberd!
You die...

#....### #....####
#.......#
.######.# ....# ..
..# #.#)# # #.#.
....###### #.#.###
.........> #.#.g.#
##..##### #.# #@#
##.## #. #.# #.#
###..####.##.###.#
.................#
####.####.##.#####
..........##.#
###...###.##.#
......###.##.#
####.........#


You could see a gnoll.

Vanquished Creatures
  A dart slug (D:1)
  2 giant cockroaches (D:1)
  3 hobgoblins (D:1)
  2 jackals (D:1)
  3 bats (D:1)
  A frilled lizard (D:1)
  3 goblins (D:1)
  4 kobolds (D:1)
  2 rats (D:1)
21 creatures vanquished.

Notes
Turn   | Place    | Note
-------+----------+-------------------------------------------
     0 | D:1      | dickylongcocking the Merfolk Fighter began the quest for
                  | the Orb.
     0 | D:1      | Reached XP level 1. HP: 18/18 MP: 1/1
   237 | D:1      | Reached skill level 4 in Polearms
   237 | D:1      | Reached XP level 2. HP: 24/24 MP: 2/2
   669 | D:1      | Reached skill level 5 in Polearms
   669 | D:1      | Reached XP level 3. HP: 25/29 MP: 3/3
   751 | D:1      | Slain by a gnoll

Illustrated notes

Levels and vault maps discovered:
D:1:      erik_arrival_cave_to_civilisation [erik_arrival_cave_to_temple],
          layout_basic, minmay_pentomino_u2

Skill      XL: |  1  2 |
---------------+-------+-----
Polearms       | 4 5 |  5.0
Fighting       | |  3.2
Armour         | |  2.1
Shields        | |  3.0

Action                   || total
-------------------------++-------
Melee: Trident           ||    53
Armor: Scale mail        ||    17
Dodge: Dodged            ||    21

Table legend: (Time is in decaauts)
 A = Elapsed time spent in this place.
 B = Non-inter-level travel time spent in this place.
 C = Inter-level travel time spent in this place.
 D = Time resting spent in this place.
 E = Time spent auto-exploring this place.
 F = Levels seen in this place.
 G = Mean time per level.
                   A        B        C        D        E       F      G
               +--------+--------+--------+--------+--------+-----+--------+
         Total |    755 |    755 |      0 |      0 |    624 |   1 |  755.0 |
       Dungeon |    755 |    755 |      0 |      0 |    624 |   1 |  755.0 |
               +--------+--------+--------+--------+--------+-----+--------+

Top non-repeatable levels by time:
     D:1: 755 daAuts
